 Dungeon Sprint DCSS version 0.28.0-53-g5a82cb258f (webtiles) character file.

Game seed: 1678108042077071459

10958 Groucho the Unseen (level 11, 0/48 HPs)
             Began as a Spriggan Enchanter on June 7, 2022.
             Was an Initiate of Gozag.
             Hit by a silver javelin thrown by a minotaur (32 damage)
             ... in the Dungeon (Sprint VII: "The Pits").
             The game lasted 00:22:45 (3128 turns).

Groucho the Unseen (Spriggan Enchanter)             Turns: 3128, Time: 00:22:46

Health: 0/48       AC:  6    Str:  8    XL:     11   Next: 43%
Magic:  28/32      EV: 28    Int: 21    God:    Gozag
Gold:   5202       SH:  0    Dex: 15    Spells: 31/42 levels left

rFire   . . .      SeeInvis +   a - +2 dagger
rCold   . . .      Faith    .   (no shield)
rNeg    . . .      Spirit   .   b - +0 robe
rPois   .          Reflect  .   (helmet restricted)
rElec   .          Harm     .   m - +0 cloak
rCorr   .          Rampage  .   (gloves unavailable)
Will    +....      NoTele   +   (boots unavailable)
Stlth   +++++++...              (no amulet)
HPRegen 0.16/turn               n - +3 ring of intelligence
MPRegen 0.23/turn               o - +3 ring of protection

@: very quick
A: very small, no large weapons, unfitting armour, see invisible, speed 3
a: Renounce Religion, Potion Petition, Call Merchant, Bribe Branch


You were in the Dungeon.
You worshipped Gozag.
Gozag was greatly pleased with you.
You visited 1 branch You collected 5202 gold pieces.

Inventory:

Hand Weapons
 a - a +2 dagger (weapon)
 r - a +2 rapier of distortion
Missiles
 l - 9 stones (quivered)
 t - 3 throwing nets
Armour
 b - a +0 robe (worn)
 m - a +0 cloak (worn)
Jewellery
 n - a +3 ring of intelligence (left hand)
 o - a +3 ring of protection (right hand)
 s - the amulet of the Air {Inacc Air Fly rElec RMsl}
   (You took it off a red devil in the Dungeon)

   [amulet of nothing]

   It reduces the accuracy of all your attacks.
   It enhances your air magic.
   rElec:     It insulates you from electricity.
   Fly:       It grants you flight.
   RMsl:      It protects you from missiles.
Scrolls
 i - a scroll of blinking
 j - 5 scrolls of amnesia
 k - a scroll of summoning
Potions
 c - a potion of invisibility
 d - 4 potions of heal wounds
 e - 6 potions of curing
 f - a potion of haste
 g - 4 potions of magic
 h - 5 potions of berserk rage
 p - 2 potions of resistance
 q - a potion of brilliance


   Skills:
 + Level 0.6 Fighting
 - Level 14.0 Short Blades
 + Level 16.8 Dodging
 - Level 20.0 Stealth
 - Level 16.3 Spellcasting
 + Level 0.5 Conjurations
 - Level 15.0 Hexes
 + Level 0.6 Ice Magic


You had 31 spell levels left.
You knew the following spells:

 Your Spells              Type           Power      Damage    Failure   Level
a - Ensorcelled Hibernat  Hex/Ice        100%       N/A       1%          2
b - Confusing Touch       Hex            69%        N/A       1%          3
c - Dazzling Flash        Conj/Hex       98%        N/A       1%          3
d - Tukima's Dance        Hex            69%        N/A       1%          3

Your spell library contained the following spells:

 Spells                   Type           Power      Damage    Failure   Level


Dungeon Overview and Level Annotations

Branches:
Dungeon (1/1)

Altars:
Ashenzari
Cheibriados
Dithmenos
Elyvilon
Fedhas
Gozag
Hepliaklqana
Kikubaaqudgha
Makhleb
Nemelex Xobeh
Okawaru
Qazlal
Ru
Sif Muna
Trog
Uskayaw
Vehumet
Wu Jian
Xom
Yredelemnul
Zin
The Shining One
Beogh
Jiyva
Lugonu


Innate Abilities, Weirdness & Mutations

You are very small and have problems with some larger weapons.
You are too small for most types of armour.
You have supernaturally acute eyesight. (SInv)
You cover ground extremely quickly. (Speed+++)


Message History

An iguana comes into view.
The iguana moves out of view.
There is an open door here.
You now have 4797 gold pieces (gained 45).
There is an open door, spattered with blood here.
You see here a +0 flail.
You now have 4995 gold pieces (gained 198).
You now have 5202 gold pieces (gained 207).
There is an open door, spattered with blood here.
You see here a +0 flail.
There is an open door here.
There is an open door here.
Throw: 10 stones
Press: ? - help, Q - select action, (/) - cycle Shift-Dir - straight line, f - minotaur
Aim: a minotaur, wearing a +0 plate armour and quivering silver javelins (wandering, hasn't noticed you, 73% to hit)
You throw a stone. The minotaur bellows!
The stone hits the minotaur but does no damage.
The minotaur throws a silver javelin.
The silver javelin misses you.
The minotaur throws a silver javelin.
The silver javelin pierces through you!
You start resting.
A minotaur is nearby!
Casting: Ensorcelled Hibernation (safe; 1% risk of failure)
Confirm with . or Enter, or press ? or * to list all spells.
Aiming: Ensorcelled Hibernation (safe; 1% risk of failure)
Press: ? - help, Shift-Dir - straight line, f/p - minotaur
Aim: a minotaur, wearing a +0 plate armour and quivering silver javelins (chance to affect: 10%)
The minotaur resists with almost no effort.
Casting: Ensorcelled Hibernation (safe; 1% risk of failure)
Confirm with . or Enter, or press ? or * to list all spells.
Aiming: Ensorcelled Hibernation (safe; 1% risk of failure)
Press: ? - help, Shift-Dir - straight line, f/p - minotaur
Aim: a minotaur, wearing a +0 plate armour and quivering silver javelins (chance to affect: 10%)
The minotaur resists with almost no effort.
The iguana hisses angrily.
The minotaur throws a silver javelin.
The silver javelin pierces through you!!
Ouch! That really hurt!
You die...
Your body crumbles into a pile of gold.

'################ ###
.#..............###..# .
.##..............#..# #.#
$ .####...#)######...#
...l $
.#..#####.##...##)## #.#.#
$
.#....##...#...#...#......
.'.....#...#...#...#......
.'.)...'...'...'...(..l...
.'.....#..)#...#@.H#(.....
.#....##...#...#...#...H..
.#..#####.##...##'## #.#.#
.####..)#'######...# ....
.##..............#..# #.#
$$ .#..............###..#
. ################# ###


You could see a minotaur and an iguana.

Vanquished Creatures
  Harold (D)
  A hydra (D)
  2 boulder beetles (D)
  An anaconda (D)
  A deep troll (D)
  A flayed ghost (D)
  A phantasmal warrior (D)
  A cyclops (D)
  An elephant (D)
  A merfolk siren (D)
  2 smoke demons (D)
  An unseen horror (D)
  An efreet (D)
  A demonic crawler (D)
  An ice devil (D)
  A red devil (D)
  A snapping turtle (D)
  8 blink frogs (D)
  A jumping spider (D)
  A ynoxinul (D)
  2 flying skulls (D)
  Grum (D)
  A wyvern (D)
  2 acid dragons (D)
  2 floating eyes (D)
  An orc warrior (D)
  A black bear (D)
  An ice beast (D)
  3 wolves (D)
  A bullfrog (D)
  A quasit (D)
  Crazy Yiuf (D)
  An iron imp (D)
  Jessica (D)
  An orc wizard (D)
  3 gnolls (D)
  2 adders (D)
  2 orcs (D)
  A bat skeleton (D)
  2 giant cockroaches (D)
  2 goblins (D)
  A hobgoblin (D)
  A quokka (D)
  A ball python simulacrum (D)
  A giant cockroach zombie (D)
  A kobold (D)
  A quokka simulacrum (D)
  2 rats (D)
69 creatures vanquished.

Notes
Turn   | Place    | Note
-------+----------+-------------------------------------------
     0 | D        | Groucho the Spriggan Enchanter began the quest for the Orb.
     0 | D        | Reached XP level 1. HP: 9/9 MP: 5/5
    13 | D        | Reached skill level 6 in Stealth
    13 | D        | Reached XP level 2. HP: 13/13 MP: 5/7
    16 | D        | Learned a level 2 spell: Ensorcelled Hibernation
    43 | D        | Found a bloodstained altar of Trog.
    43 | D        | Found a shimmering blue altar of Sif Muna.
    43 | D        | Found a viscous altar of Jiyva.
    43 | D        | Found a hazy altar of Hepliaklqana.
    43 | D        | Found an opulent altar of Gozag.
    44 | D        | Found a glowing golden altar of the Shining One.
    44 | D        | Found a glowing silver altar of Zin.
    44 | D        | Found a basalt altar of Yredelemnul.
    44 | D        | Found a shimmering altar of Xom.
    44 | D        | Found an ornate altar of the Wu Jian Council.
    44 | D        | Found a sacrificial altar of Ru.
    44 | D        | Found a stormy altar of Qazlal.
    44 | D        | Found an iron altar of Okawaru.
    44 | D        | Found a sparkling altar of Nemelex Xobeh.
    44 | D        | Found a burning altar of Makhleb.
    44 | D        | Found a blossoming altar of Fedhas.
    44 | D        | Found a white marble altar of Elyvilon.
    44 | D        | Found a shadowy altar of Dithmenos.
    44 | D        | Found a snail-covered altar of Cheibriados.
    47 | D        | Found a corrupted altar of Lugonu.
    47 | D        | Found a radiant altar of Vehumet.
    48 | D        | Found an ancient bone altar of Kikubaaqudgha.
    48 | D        | Found a hide-covered altar of Uskayaw.
    48 | D        | Found a broken altar of Ashenzari.
    83 | D        | Became a worshipper of Gozag Ym Sagoz the Greedy
   168 | D        | Reached skill level 7 in Stealth
   194 | D        | Noticed a floating eye
   197 | D        | Killed a floating eye
   198 | D        | Reached skill level 11 in Stealth
   198 | D        | Reached XP level 3. HP: 5/16 MP: 8/11
   198 | D        | Reached XP level 4. HP: 7/21 MP: 9/13
   598 | D        | Learned a level 3 spell: Confusing Touch
   602 | D        | Learned a level 3 spell: Dazzling Flash
   606 | D        | Learned a level 3 spell: Tukima's Dance
   698 | D        | Noticed a flying skull
   704 | D        | Killed a flying skull
   705 | D        | Reached skill level 5 in Dodging
   705 | D        | Reached skill level 12 in Stealth
   705 | D        | Reached XP level 5. HP: 20/24 MP: 11/16
   705 | D        | Reached XP level 6. HP: 24/28 MP: 11/17
   763 | D        | Noticed an orc warrior
   765 | D        | Noticed Crazy Yiuf
   793 | D        | Killed an orc warrior
   794 | D        | Reached skill level 5 in Short Blades
   794 | D        | Reached skill level 13 in Stealth
   805 | D        | Noticed Jessica
   817 | D        | Killed Jessica
   975 | D        | Killed Crazy Yiuf
  1107 | D        | Noticed an acid dragon
  1109 | D        | Killed an acid dragon
  1110 | D        | Reached XP level 7. HP: 32/32 MP: 18/20
  1115 | D        | Reached skill level 14 in Stealth
  1127 | D        | Reached skill level 10 in Hexes
  1174 | D        | Noticed a demonic crawler
  1197 | D        | Noticed a cyclops
  1200 | D        | Killed a cyclops
  1201 | D        | Reached skill level 15 in Stealth
  1201 | D        | Reached skill level 10 in Spellcasting
  1201 | D        | Reached XP level 8. HP: 36/36 MP: 20/23
  1202 | D        | Killed a demonic crawler
  1203 | D        | Reached skill level 10 in Dodging
  1312 | D        | Noticed a blink frog
  1312 | D        | Noticed a blink frog
  1312 | D        | Noticed a blink frog
  1315 | D        | Killed a blink frog
  1316 | D        | Reached skill level 16 in Stealth
  1318 | D        | Killed a blink frog
  1331 | D        | Killed a blink frog
  1332 | D        | Reached XP level 9. HP: 39/39 MP: 18/25
  1474 | D        | Noticed an efreet
  1474 | D        | Noticed a smoke demon
  1475 | D        | Noticed a phantasmal warrior
  1478 | D        | Killed a phantasmal warrior
  1479 | D        | Reached skill level 17 in Stealth
  1493 | D        | Killed an efreet
  1505 | D        | Reached skill level 10 in Short Blades
  1525 | D        | Noticed a boulder beetle
  1526 | D        | Noticed an elephant
  1526 | D        | Noticed a flayed ghost
  1526 | D        | Noticed a merfolk siren
  1527 | D        | Killed a merfolk siren
  1557 | D        | Killed a boulder beetle
  1558 | D        | Reached skill level 18 in Stealth
  1568 | D        | Killed a flayed ghost
  1569 | D        | Reached XP level 10. HP: 44/44 MP: 26/28
  1570 | D        | Killed an elephant
  1593 | D        | Noticed a deep troll
  1652 | D        | Killed a deep troll
  1653 | D        | Reached skill level 19 in Stealth
  2070 | D        | Killed a smoke demon
  2187 | D        | Noticed a six-headed hydra
  2192 | D        | Killed a six-headed hydra
  2261 | D        | Noticed Harold
  2262 | D        | Noticed Grum
  2269 | D        | Noticed a smoke demon
  2273 | D        | Killed a smoke demon
  2274 | D        | Noticed an anaconda
  2284 | D        | Reached skill level 20 in Stealth
  2311 | D        | Reached skill level 15 in Dodging
  2311 | D        | Reached skill level 15 in Hexes
  2311 | D        | Reached XP level 11. HP: 47/47 MP: 15/30
  2321 | D        | Killed Harold
  2322 | D        | Reached skill level 15 in Spellcasting
  2358 | D        | Killed Grum
  2586 | D        | Noticed a boulder beetle
  2590 | D        | Noticed a minotaur
  2637 | D        | Killed a boulder beetle
  2782 | D        | Killed an anaconda
  3128 | D        | Hit by a silver javelin thrown by a minotaur

Illustrated notes

Levels and vault maps discovered:
D:        pitsprint [storerooms_1, entrance_room_1, metal_vault_1, armoury_1,
          mini_pit_1, grid_room_1, main_hall_1, silver_pit, the_coven_1,
          the_vestibule_1, steel_vault_5, golden_pit, hallway_of_sentries,
          crystal_vault_1, iron_vault_3, final_vault]

Skill      XL: |  1  2  3  4  5  6  7  8  9 10 11 |
---------------+----------------------------------+-----
Stealth        | 6 11 12 13 15 16 18 20 | 20.0
Spellcasting   | 3 6 7 9 10 11 13 14 16 | 16.3
Hexes          | 4 6 8 9 10 11 13 15 | 15.0
Dodging        | 5 7 9 11 13 15 16 | 16.8
Short Blades   | 4 6 7 9 11 12 14 | 14.0
Fighting       | |  0.6
Conjurations   | |  0.5
Ice Magic      | |  0.6

Action                   |  1- 3 |  4- 6 |  7- 9 | 10-12 || total
-------------------------+-------+-------+-------+-------++-------
Melee: Dagger            |    17 |    19 |    30 |   102 ||   168
       Punch             |       |       |       |     7 ||     7
Throw: Stone             |       |       |     1 |     5 ||     6
 Cast: Ensorcelled Hiber |     2 |    11 |     5 |    56 ||    74
       Confusing Touch   |       |     2 |     3 |     8 ||    13
       Dazzling Flash    |       |       |       |     2 ||     2
  Use: Potion            |     3 |     1 |       |     6 ||    10
 Stab: Sleeping          |     4 |    11 |    17 |    22 ||    54
       Invisible         |     1 |       |       |     3 ||     4
       Confused          |       |     2 |     3 |     5 ||    10
Armor: Robe              |       |     1 |     4 |     3 ||     8
Dodge: Dodged            |    13 |     3 |    14 |    85 ||   115
